 Dungeon Crawl Stone Soup version 0.22.1-1-ga44c0e5 (webtiles) character file.

175 dohliylev the Vexing (level 5, 0/36 HPs)
             Began as a Vampire Enchanter on Sept 20, 2018.
             Slain by a big kobold
             ... wielding a +0 whip
              (6 damage)
             ... in a sewer.
             The game lasted 00:11:22 (2833 turns).

dohliylev the Vexing (Vampire Enchanter)            Turns: 2833, Time: 00:11:24

Health: 0/36       AC:  3    Str:  7    XL:     5   Next: 29%
Magic:  1/5        EV: 18    Int: 18    God:
Gold:   125        SH:  0    Dex: 15    Spells: 3/8 levels left

rFire    . . .     SeeInvis +   q - +0 rapier (antimagic)
rCold    . . .     Gourm    .   (no shield)
rNeg     . . .     Faith    .   b - +1 robe
rPois    .         Spirit   .   (no helmet)
rElec    .         Reflect  .   (no cloak)
rCorr    .         Harm     .   (no gloves)
MR       .....                  (no boots)
Stlth    +++.......             (no amulet)
HPRegen  0.32/turn              e - ring of magical power
MPRegen  0.09/turn              n - +4 ring of evasion

@: very slightly contaminated, regenerating quickly
A: fangs 3, see invisible, unbreathing
a: no special abilities


You were in a sewer.
You were almost alive.

You visited 1 branch of the dungeon, and saw 4 of its levels.
You also visited: Sewer.

You collected 125 gold pieces.

Inventory:

Hand Weapons
 q - a +0 antimagic rapier (weapon)
Armour
 b - a +1 robe (worn)
Jewellery
 e - a ring of magical power (left hand)
 n - a +4 ring of evasion (right hand)
 p - a +3 ring of dexterity
Scrolls
 a - a scroll of enchant armour
 i - a scroll of fear
Potions
 d - 10 potions of blood
 g - 2 potions of flight {unknown}
 h - a potion of haste {unknown}
 k - 2 potions of curing {unknown}
 m - 2 potions of agility {unknown}


   Skills:
 - Level 0.8 Fighting
 + Level 4.0 Short Blades
 - Level 4.0 Dodging
 - Level 4.4 Stealth
 - Level 2.0 Spellcasting
 - Level 5.0 Hexes


You had 3 spell levels left.
You knew the following spells:

 Your Spells              Type           Power        Failure   Level  Hunger
a - Confuse               Hex            ###.....     7%          3    ###....
b - Ensorcelled Hibernat  Hex/Ice        ##....       10%         2    ###....

Your spell library contained the following spells:

 Spells                   Type           Power        Failure   Level  Hunger
 Corona                   Hex            ###....      2%          1    #......
 Tukima's Dance           Hex            ###.....     7%          3    ###....
 Dazzling Spray           Conj/Hex       ##....       19%         3    ###....


Dungeon Overview and Level Annotations

Branches:
Dungeon (4/15)
 Temple: D:4-7

Altars:
Ashenzari
Kikubaaqudgha
Yredelemnul


Innate Abilities, Weirdness & Mutations

Your natural rate of healing is unusually fast.
You have razor-sharp teeth.
You have supernaturally acute eyesight. (SInv)
You can survive without breathing.


Message History

Casting: Ensorcelled Hibernation (safe; 10% risk of failure)
Confirm with . or Enter, or press ? or * to list all spells.
Aiming: Ensorcelled Hibernation (safe; 10% risk of failure)
Press: ? - help, Shift-Dir - straight line, f - kobold
Aim: a kobold (chance to defeat MR: 59%)
The kobold looks drowsy...
The helpless kobold fails to defend itself.
You puncture the kobold!
You kill the kobold!
You hit the big kobold.
The big kobold is heavily wounded.
The big kobold hits you with a whip.
* * * LOW HITPOINT WARNING * * *
You hit the big kobold.
The big kobold is heavily wounded.
The big kobold barely misses you.
You closely miss the big kobold.
The big kobold is heavily wounded.
The big kobold hits you with a whip.
You die...

#≈# ##≈#########
#######≈≈≈≈≈≈≈.≈.#
#######.....≈.≈.≈≈≈≈≈).#
#≈≈≈≈≈≈≈≈≈≈≈≈≈≈≈≈≈≈≈≈≈.#
≈≈≈≈≈≈≈≈≈≈≈≈≈≈≈≈≈≈≈≈≈≈≈≈...
###≈≈≈≈≈≈≈≈≈≈≈≈≈≈≈≈≈≈≈K.#..
######...K.K.≈≈≈≈K≈≈..#..
###@###.≈(..≈≈≈..# . #∩#
############ # ###


You could see a big kobold and a kobold.

Vanquished Creatures
  An iguana (D:4)
  Natasha (D:3)
  3 gnolls (D:3)
  A river rat (Sewer)
  2 oozes (D:3)
  4 dart slugs
  3 leopard geckos
  3 giant cockroaches
  7 goblins
  4 hobgoblins
  9 jackals
  2 quokkas
  A ball python (D:3)
  9 bats
  5 frilled lizards
  10 kobolds
  3 rats
68 creatures vanquished.

Notes
Turn   | Place    | Note
-------+----------+-------------------------------------------
     0 | D:1      | dohliylev the Vampire Enchanter began the quest for the
                  | Orb.
     0 | D:1      | Reached XP level 1. HP: 13/13 MP: 3/3
   620 | D:1      | Reached XP level 2. HP: 18/19 MP: 5/5
  1187 | D:1      | Learned a level 2 spell: Ensorcelled Hibernation
  1553 | D:2      | Reached XP level 3. HP: 24/24 MP: 1/6
  1578 | D:2      | Found a shattered altar of Ashenzari.
  1583 | D:2      | Found an ancient bone altar of Kikubaaqudgha.
  1999 | D:3      | Found a basalt altar of Yredelemnul.
  2261 | D:3      | Reached skill level 5 in Hexes
  2261 | D:3      | Reached XP level 4. HP: 31/31 MP: 5/7
  2548 | D:3      | Noticed Natasha
  2550 | D:3      | Killed Natasha
  2657 | D:4      | Learned a level 3 spell: Confuse
  2668 | D:4      | Reached XP level 5. HP: 15/36 MP: 3/8
  2691 | D:4      | Noticed a phantom
  2704 | D:4      | Found a glowing drain.
  2718 | Sewer    | Entered a sewer
  2833 | Sewer    | Slain by a big kobold

Skill      XL: |  1  2  3  4  5 |
---------------+----------------+-----
Dodging        | 3 4 |  4.0
Short Blades   | 2 3 4 |  4.0
Hexes          | 5 |  5.0
Fighting       | |  0.8
Stealth        | |  4.4
Spellcasting   | |  2.0

Action                   |  1- 3 |  4- 6 || total
-------------------------+-------+-------++-------
Melee: Dagger            |   145 |       ||   145
       Bite              |     6 |     8 ||    14
       Rapier            |    31 |    84 ||   115
 Cast: Ensorcelled Hiber |     5 |     4 ||     9
  Use: Potion            |     4 |     3 ||     7
       Scroll            |       |     7 ||     7
 Stab: Sleeping          |     9 |     7 ||    16
  Eat: Corpse            |     7 |     5 ||    12
Armor: Robe              |    31 |     7 ||    38
Dodge: Dodged            |   180 |   108 ||   288
